 Dungeon Crawl Stone Soup version 0.21-a0-513-gdcb3f5e (webtiles) character file.

22 slep the Chopper (level 2, 0/25 HPs)
             Began as a Hill Orc Gladiator on Dec 3, 2017.
             Slain by a gnoll
             ... wielding a +0 spear
              (7 damage)
             ... on level 2 of the Dungeon.
             The game lasted 00:01:34 (588 turns).

slep the Chopper (Hill Orc Gladiator)                Turns: 588, Time: 00:01:34

Health: 0/25       AC:  2    Str: 16    XL:     2   Next: 91%
Magic:  2/2        EV: 12    Int:  8    God:
Gold:   52         SH:  0    Dex: 12    Spells: 1/1 levels left

rFire    . . .     SeeInvis .   a - +0 war axe
rCold    . . .     Gourm    .   (no shield)
rNeg     . . .     Faith    .   l - -2 leather armour (curse)
rPois    .         Spirit   .   c - +0 helmet
rElec    .         Reflect  .   (no cloak)
rCorr    .         Harm     .   (no gloves)
MR       .....                  (no boots)
Stlth    +.........             (no amulet)
HPRegen  0.08/turn              (no ring)
MPRegen  0.08/turn              (no ring)

@: no status effects
A: no striking features
a: no special abilities


You were on level 2 of the Dungeon.
You were not hungry.

You visited 1 branch of the dungeon, and saw 2 of its levels.

You collected 52 gold pieces.

Inventory:

Hand Weapons
 a - a +0 war axe (weapon)
Missiles
 d - 3 throwing nets (quivered)
Armour
 b - a +0 leather armour
 c - a +0 helmet (worn)
 l - a cursed -2 leather armour (worn)
Scrolls
 e - 2 scrolls of remove curse {unknown}
 h - 3 scrolls of identify {unknown}
 i - a scroll of fog {unknown}
 k - a scroll of noise {unknown}
Potions
 g - a potion of resistance {unknown}
 j - a potion of heal wounds {unknown}
 m - a potion of agility {unknown}
 n - a potion of brilliance {unknown}
 o - a potion of degeneration {unknown}
Comestibles
 f - a bread ration


   Skills:
 + Level 2.6 Fighting
 + Level 4.7 Axes
 + Level 1.8 Throwing
 + Level 0.5 Armour
 + Level 2.6 Dodging


You had one spell level left.
You didn't know any spells.

Dungeon Overview and Level Annotations

Branches:
Dungeon (2/15)

Altars:


Message History

The giant cockroach closely misses you. The gnoll hits you with a halberd.
An adder comes into view.
The adder hisses angrily.
You hit the gnoll.
The gnoll is moderately wounded.
You completely miss the frilled lizard. You hit the giant cockroach.
You barely miss the rat. The gnoll closely misses you.
The frilled lizard closely misses you. The giant cockroach bites you.
The rat closely misses you. The gnoll misses you.
A rat comes into view.
You hit the gnoll.
The gnoll is severely wounded.
You miss the frilled lizard. You barely miss the giant cockroach.
You barely miss the rat.
The giant cockroach bites you but does no damage.
The gnoll hits you from afar with a spear.
* * * LOW HITPOINT WARNING * * *
The frilled lizard closely misses you. The rat misses you.
The gnoll hits you from afar with a spear!
You die...

#.....<..#
##........#
#....).<..#
##..###.#####
# ####. ##..#
#.#....###..##
#............#
#...sl(....#
#..gr@...%.#
#.lKg......#
.......g.....#
....g........#
...S.........#
.............#
..#.....r....#
.......P≈.P..#


You could see 3 gnolls, an adder, a giant cockroach, a hobgoblin, a kobold, 2
frilled lizards and 2 rats.

Vanquished Creatures
  2 oozes (D:1)
  4 bats (D:1)
  2 goblins (D:1)
  A hobgoblin (D:1)
  A kobold (D:2)
  4 rats
14 creatures vanquished.

Notes
Turn   | Place    | Note
-------+----------+-------------------------------------------
     0 | D:1      | slep the Hill Orc Gladiator began the quest for the Orb.
     0 | D:1      | Reached XP level 1. HP: 18/18 MP: 1/1
   213 | D:1      | Reached XP level 2. HP: 23/25 MP: 2/2
   588 | D:2      | Slain by a gnoll

Vault maps used:
D:1:      dpeg_arrival_stonehenge_8_columns
D:2:      serial_bayou_lagoon_a

Action                   || total
-------------------------++-------
Melee: War axe           ||    46
Armor: Leather armour    ||    26
Dodge: Dodged            ||    45

Table legend:
 A = Spawn XP
 B = Non-spawn XP
 C = Spawn XP percentage of total XP
 D = Spawn monster count
 E = Non-spawn monster count
 F = Spawn count percentage of total count
 G = Total turns spent on level
                    A         B        C        D         E        F      G
               +---------+---------+-------+---------+---------+-------+---------
         Total |       0 |      32 |   0.0 |       0 |      14 |   0.0 |   588
               +---------+---------+-------+---------+---------+-------+---------
           D:1 |       0 |      30 |   0.0 |       0 |      12 |   0.0 |   569
           D:2 |       0 |       2 |   0.0 |       0 |       2 |   0.0 |    19
               +---------+---------+-------+---------+---------+-------+---------
